Map: Old Republic LE

Players

HoldTheDoor - Winner!

  • Race: Protoss Protoss
  • League: Diamond
  • Spawn Location: 7:00

GOOSE

  • Race: Zerg Zerg
  • League: Diamond
  • Spawn Location: 1:00

VOD

Have the link to the VOD?

Description

Time

  • Played on: May 11, 2026, 1:31 p.m.
  • Length: 14:27
Show
View Real Time Build Order
Export as new Build Order

HoldTheDoor Protoss - Winner!

Build Orders: 1 Gate Expand, Archon Immortal, Archon Drop, Dark Templar Rush 

Get SALT Encoding   

  12  0:00  Probe  
  13  0:12  Probe  
  14  0:19  Pylon  
  14  0:24  Probe  
  15  0:33  Probe  
  15  0:39  Gateway  
  15  0:41  Probe  
  16  0:49  Assimilator  
  17  0:52  Probe  
  18  1:04  Probe  
  19  1:24  Nexus  
  19  1:32  Cybernetics Core  
  19  1:36  Probe  
  20  1:42  Assimilator  
  20  1:48  Pylon  
  20  1:51  Probe  
  21  2:03  Probe  
  21  2:05  Stalker  
  22  2:11  Warp Gate  
  22  2:15  Probe  
  25  2:27  Probe  
  26  2:32  Gateway  
  26  2:35  Adept  
  28  2:37  Probe  
  28  2:39  Probe  
  30  2:49  Twilight Council, Probe  
  31  2:53  Probe  
  32  3:02  Probe  
  32  3:05  Probe  
  34  3:08  Robotics Facility  
  34  3:14  Probe, Assimilator  
  34  3:17  Probe  
  36  3:26  Probe  
  37  3:29  Dark Shrine  
  37  3:30  Pylon  
  37  3:34  Pylon  
  37  3:37  Probe  
  37  3:38  Probe  
  39  3:49  Probe, Warp Prism  
  40  3:56  Probe  
  43  4:04  Gateway  
  43  4:07  Gateway  
  43  4:11  Pylon  
  43  4:12  Probe  
  43  4:14  Probe  
  45  4:24  Probe  
  46  4:26  Probe  
  46  4:30  Pylon  
  47  4:44  Dark Templar x2  
  51  4:53  Probe x2  
  51  4:58  Pylon  
  53  5:02  Dark Templar x2  
  57  5:21  Probe  
  57  5:22  Probe  
  57  5:26  Nexus  
  59  5:29  Pylon  
  59  5:31  Shield Battery  
  59  5:34  Forge  
  59  5:36  Dark Templar  
  59  5:43  Pylon  
  59  5:48  Zealot x3  
  58  6:08  Dark Templar  
  58  6:09  Dark Templar x2  
  60  6:15  Charge  
  60  6:21  Photon Cannon  
  60  6:24  Archon x2  
  60  6:25  Archon  
  60  6:33  Immortal  
  60  6:38  Zealot  
  66  6:43  Nexus  
  66  6:47  Pylon  
  66  6:48  Photon Cannon  
  66  6:49  Photon Cannon  
  66  6:51  Photon Cannon, Shield Battery  
  66  6:52  Protoss Ground Weapons Level 1  
  66  6:53  Shield Battery  
  66  6:54  Pylon, Probe x2  
  68  7:02  Photon Cannon  
  68  7:05  Photon Cannon  
  68  7:06  Probe  
  68  7:08  Probe  
  70  7:12  Immortal  
  74  7:21  Dark Templar  
  74  7:22  Dark Templar  
  78  7:25  Dark Templar  
  78  7:28  Archon  
  78  7:29  Zealot  
  82  7:32  Archon  
  82  7:33  Probe x2  
  84  7:41  Gateway  
  84  7:43  Gateway  
  84  7:45  Probe x2  
  84  7:47  Immortal  
  86  7:57  Probe  
  86  7:58  Probe  
  92  8:09  Probe  
  93  8:19  Probe  
  94  8:21  Zealot x3  
  94  8:23  Zealot, Gateway  
  94  8:24  Gateway, Observer  
  94  8:25  Gateway  
  94  8:26  Gateway  
  103  8:36  Dark Templar  
  103  8:39  Dark Templar  
  107  8:42  Archon  
  107  8:44  Immortal  
  107  8:46  Zealot x2  
  107  8:47  Zealot  
  117  8:50  Pylon  
  117  8:52  Pylon  
  117  8:54  Pylon  
  117  8:56  Pylon  
  117  9:06  Zealot x3  
  95  9:22  Zealot  
  95  9:23  Zealot x6  
  109  9:36  Zealot  
  109  9:37  Zealot x2  
  103  9:43  Zealot x3  
  103  9:44  Zealot x4  
  105  10:04  Zealot x2  
  105  10:05  Zealot x8  
  81  10:23  Immortal  
  81  10:26  Zealot x4  
  81  10:27  Zealot x2  
  95  10:34  Dark Templar x3  
  101  10:39  Archon  
  69  10:58  Dark Templar x6  
  69  11:03  Archon x3  
  77  11:05  Zealot  
  79  11:14  Zealot  
  79  11:15  Zealot x2  
  67  11:26  Zealot  
  63  11:34  Zealot x2  
  63  11:35  Zealot x6  
  63  11:36  Zealot  
  81  11:41  Immortal  
  85  11:47  Dark Templar  
  87  12:11  Zealot x9  
  101  12:17  Probe x2  
  101  12:22  Photon Cannon  
  103  12:29  Photon Cannon x2  
  103  12:32  Shield Battery x2  
  103  12:35  Pylon  
  103  12:36  Zealot x3  
  103  12:37  Zealot  
  111  12:55  Dark Templar x5  
  121  12:59  Archon x2  
  109  13:17  Zealot x5  
  107  13:37  Zealot x9  
  107  13:38  Zealot  
  111  13:48  Immortal  
  109  14:08  Zealot x5  
  109  14:09  Zealot x5  
Show
View Real Time Build Order
Export as new Build Order

GOOSE Zerg 

Build Orders: Hatch First 

Get SALT Encoding   

  12  0:00  Drone  
  13  0:13  Overlord  
  13  0:16  Drone  
  14  0:32  Drone x2  
  16  0:47  Hatchery  
  15  0:50  Drone  
  15  0:54  Drone  
  17  0:59  Drone  
  18  1:11  Extractor  
  18  1:14  Spawning Pool  
  18  1:15  Drone  
  17  1:19  Drone  
  18  1:29  Drone  
  19  1:40  Drone  
  20  1:50  Drone  
  21  2:01  Queen  
  21  2:02  Queen  
  21  2:03  Zergling x4  
  27  2:18  Hatchery  
  27  2:22  Overlord  
  26  2:23  Drone  
  26  2:26  Drone  
  28  2:39  Queen  
  28  2:41  Metabolic Boost  
  28  2:43  Drone  
  31  2:44  Drone  
  31  2:48  Drone  
  33  2:52  Overlord  
  33  2:55  Drone  
  33  2:57  Drone  
  35  2:59  Drone  
  35  3:04  Overlord  
  36  3:10  Drone  
  36  3:11  Drone x2  
  36  3:12  Drone  
  40  3:23  Drone x2  
  40  3:25  Drone  
  40  3:26  Queen  
  45  3:32  Drone  
  45  3:33  Drone  
  47  3:38  Overlord  
  47  3:52  Drone x6  
  47  3:53  Drone x4  
  57  4:02  Baneling Nest, Extractor  
  55  4:05  Queen  
  55  4:08  Drone x3  
  60  4:10  Overlord  
  60  4:19  Zergling x4  
  62  4:31  Zergling x14  
  62  4:32  Zergling x4  
  62  4:38  Drone x2  
  72  4:39  Lair  
  72  4:47  Overlord x3  
  72  4:51  Drone  
  73  5:02  Overlord x2  
  73  5:06  Lair  
  73  5:21  Spore Crawler  
  70  5:22  Spore Crawler  
  70  5:24  Zergling x10  
  70  5:25  Zergling x10  
  79  5:40  Zergling x12  
  79  5:41  Zergling x6  
  78  5:55  Zergling x4  
  68  6:14  Hatchery  
  68  6:16  Zergling x8  
  67  6:25  Hatchery  
  65  6:28  Evolution Chamber  
  65  6:29  Evolution Chamber  
  63  6:39  Drone x8  
  71  6:43  Overseer  
  71  6:55  Drone  
  71  6:56  Drone x3  
  71  6:59  Zerg Melee Weapons Level 1, Zerg Ground Armor Level 1  
  75  7:02  Centrifugal Hooks  
  75  7:07  Drone  
  75  7:08  Drone x5  
  81  7:16  Hatchery  
  81  7:17  Hatchery  
  79  7:26  Overlord x3  
  79  7:31  Spore Crawler  
  79  7:32  Spine Crawler  
  79  7:37  Zergling x16  
  78  7:41  Baneling x8  
  78  7:42  Baneling x13  
  85  7:48  Zergling x2  
  85  7:49  Zergling x6  
  89  7:55  Hatchery  
  88  7:59  Zergling x18  
  97  8:08  Zergling x2  
  97  8:09  Zergling x8  
  102  8:22  Zergling x2  
  102  8:23  Zergling x4  
  105  8:27  Zergling x2  
  105  8:28  Zergling x12  
  112  8:39  Zergling x16  
  120  8:52  Zergling x18  
  80  9:10  Zergling x14  
  80  9:11  Zergling x16  
  88  9:19  Zergling x10  
  93  9:24  Zergling x4  
  93  9:25  Zergling x16  
  93  9:28  Zerg Ground Armor Level 2  
  93  9:29  Zerg Melee Weapons Level 2  
  103  9:34  Zergling x18  
  109  9:39  Baneling x8  
  109  9:40  Baneling x5  
  109  9:41  Zergling x6  
  109  9:51  Zergling x14  
  113  10:03  Zergling x28  
  101  10:12  Hydralisk Den  
  88  10:15  Zergling x10  
  88  10:16  Zergling x6  
  88  10:19  Zergling x2  
  88  10:20  Zergling x4  
  89  10:25  Zergling x6  
  89  10:26  Baneling  
  89  10:27  Baneling x6  
  88  10:28  Zergling x2  
  88  10:29  Zergling x10  
  93  10:39  Zergling x20  
  93  10:40  Zergling x2  
  93  10:41  Overseer  
  91  10:49  Zergling x10  
  84  10:50  Zergling x2  
  82  11:01  Zergling x2  
  82  11:02  Zergling x14  
  89  11:05  Hatchery  
  74  11:25  Zergling x16  
  69  11:26  Zergling x18  
  69  11:31  Zergling x2  
  69  11:32  Zergling x8  
  88  11:39  Baneling x6  
  88  11:41  Baneling x7  
  88  11:42  Baneling  
  88  11:45  Zergling x8  
  90  12:07  Zergling x2  
  90  12:08  Zergling x30  
  94  12:15  Drone x5  
  91  12:23  Zerg Missile Weapons Level 1  
  91  12:24  Muscular Augments  
  91  12:27  Drone x4  
  95  12:36  Extractor  
  94  12:41  Extractor  
  94  12:43  Drone x2, Extractor  
  94  12:44  Drone  
  95  12:45  Drone x4  
  95  12:46  Drone x5  
  104  12:52  Baneling x7  
  104  12:59  Zergling x14  
  98  13:13  Zergling x4  
  98  13:14  Zergling x22  
  99  13:26  Hydralisk x4  
  110  13:27  Zergling x4  
  103  13:39  Zergling x6  
  103  13:40  Zergling x14  
  93  13:55  Infestation Pit  
  93  13:58  Hydralisk x4  
  93  13:59  Zergling x10  
  93  14:00  Zergling x2  
Tags
 
Add a new tag
Caveats
  • Supply blocks, unpowered buildings, or Contaminate may cause inaccurate times.
  • Supply counts are checked every 10 seconds.